 Dungeon Crawl Stone Soup version 0.19-a0-1815-g4007336 (webtiles) character file.

909 Ijustatesigmund the Covert (level 7, -2/35 HPs)
             Began as a Spriggan Assassin on Oct 5, 2016.
             Slain by Grinder (4 damage)
             ... on level 4 of the Dungeon.
             The game lasted 00:18:07 (6132 turns).

Ijustatesigmund the Covert (Spriggan Assassin)      Turns: 6132, Time: 00:18:08

Health: -2/35      AC: 11    Str:  7    XL:     7   Next: 81%
Magic:  8/8        EV: 24    Int: 18    God:
Gold:   231        SH:  0    Dex: 17    Spells: 0 memorised, 6 levels left

rFire  . . .     SeeInvis +     m - +2 dagger (protect)
rCold  . . .     Gourm    .     c - +0 robe
rNeg   . . .     Faith    .     (shield restricted)
rPois  .         Spirit   .     (helmet restricted)
rElec  .         Dismiss  .     d - +1 cloak
rCorr  .         Reflect  .     (gloves unavailable)
MR     +....     Harm     .     (boots unavailable)
Stlth  +++++.....               (no amulet)
                                (no ring)
                                q - +3 ring of intelligence

@: protection aura, very quick
A: unfitting armour, see invisible, herbivore 3, speed 3, slow metabolism 2
a: no special abilities


You were on level 4 of the Dungeon.
You were not hungry.

You visited 1 branch of the dungeon, and saw 5 of its levels.

You collected 231 gold pieces.

Inventory:

Hand Weapons
 a - a +2 dagger
 b - a +1 blowgun
 m - a +2 dagger of protection (weapon)
 v - a +0 short sword of draining
Missiles
 f - 2 curare-tipped needles
 k - 39 poisoned needles
 u - 22 sling bullets
Armour
 c - a +0 robe (worn)
 d - a +1 cloak (worn)
Magical Staves
 j - an uncursed staff of earth
 s - an uncursed staff of summoning
Jewellery
 q - a +3 ring of intelligence (left hand)
Wands
 r - a wand of paralysis (0/24)
 x - a wand of flame (9/48)
Scrolls
 i - 2 scrolls of remove curse
Potions
 e - a potion of ambrosia
 l - a potion of invisibility
 n - 2 potions of curing {unknown}
 o - 2 potions of flight {unknown}
 p - a potion of haste {unknown}
 t - a potion of lignification {unknown}
 z - a potion of mutation {unknown}
 A - a potion of cancellation {unknown}
 C - a potion of might {unknown}
Books
 D - a book of Necromancy

   Spells                             Type                      Level
   a - Pain                           Necromancy                   1
   b - Animate Skeleton               Necromancy                   1
   c - Vampiric Draining              Necromancy                   3
   d - Regeneration                   Charms/Necromancy            3
   e - Animate Dead                   Necromancy                   4
   f - Control Undead                 Necromancy                   4
Comestibles
 g - 2 bread rations


   Skills:
 + Level 2.6 Fighting
 + Level 3.4 Short Blades
 - Level 2.0 Throwing
 - Level 8.1 Dodging
 - Level 10.8 Stealth


You had 6 spell levels left.
You didn't know any spells.

Dungeon Overview and Level Annotations

Branches:
Dungeon (5/15)
 Temple: D:4-7

Altars:
Dithmenos

Annotations:
D:4 Grinder


Innate Abilities, Weirdness & Mutations

You are very small and have problems with some larger weapons.
You are too small for most types of armour.
You have supernaturally acute eyesight. (SInv)
You are a herbivore.
You cover ground extremely quickly.
You need consume almost no food.


Message History

Grinder misses you.
You closely miss Grinder.
Grinder is almost dead.
Grinder gestures at you. Pain shoots through your body!
* * * LOW HITPOINT WARNING * * *
You feel much better. Grinder gestures at you. Pain shoots through your body!
* * * LOW HITPOINT WARNING * * *
You hit Grinder but do no damage.
Grinder is almost dead.
Grinder says, "FISH!"
Grinder closely misses you.
You closely miss Grinder.
Grinder is almost dead.
Grinder hits you.
* * * LOW HITPOINT WARNING * * *
You writhe in agony.
You die...

............#
............#
............#
...........[#
............#
............#
............#
..[.........#########.#
##########.##..5@.....#
## #.##.######### .#
#.##.# .## #.##.#
..########.##.#
.รท.)...[......######
#.)#######.#........
...## #...'........
....## #.#.#........


You could see Grinder.

Vanquished Creatures
  Duvessa (D:4)
  An ice beast (D:5)
  A phantom (D:4)
  Dowan (D:4)
  2 crimson imps (D:5)
  A hound (D:4)
  3 orc wizards
  2 bullfrog skeletons (D:4)
  An iguana (D:4)
  4 worker ants
  A hound zombie (D:5)
  A worker ant zombie (D:4)
  10 adders
  A shadow imp (D:5)
  An adder skeleton (D:5)
  2 worms
  A dart slug (D:5)
  3 leopard geckos
  14 orcs
  5 bats
  2 giant cockroaches (D:4)
  9 goblins
  7 hobgoblins
  10 jackals
  A quokka (D:3)
  4 frilled lizards
  5 kobolds
  4 rats
98 creatures vanquished.

Notes
Turn   | Place    | Note
-------+----------+-------------------------------------------
     0 | D:1      | Ijustatesigmund the Spriggan Assassin began the quest for the Orb.
     0 | D:1      | Reached XP level 1. HP: 10/10 MP: 2/2
    60 | D:1      | Reached skill level 6 in Stealth
   240 | D:1      | Reached XP level 2. HP: 11/14 MP: 3/3
   826 | D:2      | Reached XP level 3. HP: 15/18 MP: 4/4
   987 | D:2      | Reached skill level 7 in Stealth
  1309 | D:2      | Reached XP level 4. HP: 18/22 MP: 5/5
  1858 | D:3      | Found a shadowy altar of Dithmenos.
  1903 | D:3      | Found a faded altar of an unknown god.
  1914 | D:3      | Reached skill level 8 in Stealth
  2256 | D:3      | Reached XP level 5. HP: 25/25 MP: 6/6
  2641 | D:4      | Reached skill level 5 in Dodging
  2676 | D:4      | Noticed Duvessa
  2676 | D:4      | Noticed Dowan
  2679 | D:4      | Noticed a phantom
  2737 | D:4      | Killed Duvessa
  2737 | D:4      | Reached skill level 9 in Stealth
  2737 | D:4      | Reached XP level 6. HP: 21/30 MP: 7/7
  2814 | D:4      | Killed Dowan
  3791 | D:4      | Reached skill level 10 in Stealth
  3845 | D:5      | Entered Level 5 of the Dungeon
  4090 | D:5      | Noticed an ice beast
  4309 | D:5      | Killed an ice beast
  4309 | D:5      | Reached XP level 7. HP: 23/33 MP: 8/8
  6092 | D:4      | Noticed Grinder
  6129 | D:4      | HP: 1/35 [Grinder/nerve-wracking pain (13)]
  6132 | D:4      | Slain by Grinder

Vault maps used:
D:1:      eino_arrival_cavern_e
D:3:      ecumenical_altar_1, wad_floor_pattern_2,
          grunt_dithmenos_smoke_and_mirrors
D:4:      first_bread, uniq_duvessa, uniq_grinder

Skill      XL: |  1  2  3  4  5  6  7 |
---------------+----------------------+-----
Stealth        | 6 7 8 9 10 | 10.8
Dodging        | 2 3 4 5 7 8 |  8.1
Fighting       | 2 |  2.6
Short Blades   | 3 |  3.4
Throwing       | |  2.0

Action                   |  1- 3 |  4- 6 |  7- 9 || total
-------------------------+-------+-------+-------++-------
Melee: Dagger            |    76 |   223 |   623 ||   922
 Fire: Blowgun           |    11 |    66 |    23 ||   100
Evoke: Wand              |       |    12 |     1 ||    13
  Use: Scroll            |     3 |    11 |     1 ||    15
       Potion            |       |     2 |     3 ||     5
 Stab: Sleeping          |     9 |    12 |     6 ||    27
       Distracted        |       |       |     1 ||     1
       Invisible         |       |       |     1 ||     1
  Eat: Bread ration      |       |     1 |       ||     1
Armor: Robe              |     5 |    32 |    54 ||    91
Dodge: Dodged            |    40 |   274 |   437 ||   751
